[ AOE2 MATCH · #472102124 ]
Team RMMongols vs Huns
[ REPLAY ANALYSIS · EXTRACTED FROM THE RECORDED GAME ]
Feudal
16:24
Castle
23:15
Imperial
40:14
| APM avg | 14.6 |
| APM peak | 29 |
| eAPM avg | 9.5 |
| Villagers / military | 82 / 49 |
Focus
⚔️ 24.4% · 🌾 75.6%
Fishing Ship ×26 · Knight ×23 · Spearman ×16 · Skirmisher ×8 · Monk ×2
Feudal
19:15
Castle
27:30
Imperial
—
| APM avg | 27.0 |
| APM peak | 82 |
| eAPM avg | 12.7 |
| Villagers / military | 64 / 39 |
Focus
⚔️ 20.7% · 🌾 79.3%
Spearman ×35 · Fishing Ship ×26 · Unknown (2626) ×2 · Transport Ship ×2 · Demolition Raft ×1 · Fire Galley ×1
Feudal
13:13
Castle
21:07
Imperial
34:34
| APM avg | 15.6 |
| APM peak | 38 |
| eAPM avg | 7.1 |
| Villagers / military | 66 / 26 |
Focus
⚔️ 20.7% · 🌾 79.3%
Cavalry Archer ×22 · Battering Ram ×4
Feudal
20:08
Castle
24:00
Imperial
30:58
| APM avg | 34.0 |
| APM peak | 69 |
| eAPM avg | 15.5 |
| Villagers / military | 60 / 37 |
Focus
⚔️ 21.9% · 🌾 78.1%
Janissary ×20 · Fishing Ship ×12 · Spearman ×6 · Militia ×5 · Bombard Cannon ×5 · Mangonel ×1
Feudal
17:39
Castle
22:24
Imperial
38:26
| APM avg | 54.3 |
| APM peak | 93 |
| eAPM avg | 28.7 |
| Villagers / military | 146 / 95 |
Focus
⚔️ 25.5% · 🌾 74.5%
Knight ×86 · Fishing Ship ×31 · Scout Cavalry ×6 · Monk ×3
Feudal
—
Castle
—
Imperial
—
| APM avg | 22.3 |
| APM peak | 47 |
| eAPM avg | 12.0 |
| Villagers / military | 88 / 86 |
Focus
⚔️ 29.5% · 🌾 70.5%
Battle Elephant ×53 · Galley ×31 · Fishing Ship ×11 · Unknown (2626) ×5 · Fire Galley ×1 · Trebuchet (Packed) ×1
Feudal
15:43
Castle
27:49
Imperial
—
| APM avg | 27.6 |
| APM peak | 66 |
| eAPM avg | 14.5 |
| Villagers / military | 95 / 40 |
Focus
⚔️ 23.9% · 🌾 76.1%
Elephant Archer ×20 · Fishing Ship ×15 · Skirmisher ×15 · Unknown (2626) ×6 · Archer ×4 · Armored Elephant ×1
Feudal
15:56
Castle
29:56
Imperial
—
| APM avg | 21.4 |
| APM peak | 43 |
| eAPM avg | 12.6 |
| Villagers / military | 89 / 61 |
Focus
⚔️ 23.2% · 🌾 76.8%
Knight ×37 · Throwing Axeman ×8 · Fishing Ship ×7 · Battering Ram ×7 · Scout Cavalry ×5 · Galley ×4
Match map
Resources at game start + every placement click. Thick line = wall · dashed box = detected house wall. 🟡 gold · ⚪ stone · 🟢 berries · 🔶 boar · ⭕ relic
Inputs per minute
— sonhero3000 - - Te0n
Build order — sonhero3000
First 150 of 257 actions detected
| 1:43 | Build | Town Center |
| 3:20 | Build | House |
| 3:22 | Build | House |
| 3:24 | Build | House |
| 3:54 | Create | Villager (Male) |
| 3:54 | Create | Villager (Male) |
| 3:55 | Create | Villager (Male) |
| 3:55 | Create | Villager (Male) |
| 5:32 | Create | Villager (Male) |
| 5:42 | Create | Villager (Male) |
| 5:43 | Create | Villager (Male) |
| 5:57 | Research | Loom |
| 6:29 | Create | Villager (Male) |
| 6:29 | Create | Villager (Male) |
| 6:30 | Create | Villager (Male) |
| 6:30 | Create | Villager (Male) |
| 6:30 | Create | Villager (Male) |
| 6:47 | Create | Villager (Male) |
| 6:48 | Create | Villager (Male) |
| 7:12 | Create | Villager (Male) |
| 7:12 | Create | Villager (Male) |
| 8:00 | Create | Villager (Male) |
| 8:11 | Create | Villager (Male) |
| 8:12 | Create | Villager (Male) |
| 8:55 | Build | Dock |
| 9:05 | Create | Villager (Male) |
| 9:48 | Create | Fishing Ship |
| 9:48 | Create | Fishing Ship |
| 10:10 | Build | Mill |
| 10:17 | Build | House |
| 10:18 | Build | House |
| 10:22 | Create | Villager (Male) |
| 10:22 | Create | Villager (Male) |
| 10:23 | Create | Villager (Male) |
| 10:47 | Create | Villager (Male) |
| 10:47 | Create | Villager (Male) |
| 10:54 | Create | Fishing Ship |
| 11:18 | Build | House |
| 11:20 | Build | House |
| 11:46 | Create | Fishing Ship |
| 11:58 | Create | Fishing Ship |
| 12:01 | Create | Villager (Male) |
| 12:02 | Create | Villager (Male) |
| 12:59 | Create | Villager (Male) |
| 13:00 | Create | Villager (Male) |
| 13:01 | Create | Fishing Ship |
| 13:01 | Create | Fishing Ship |
| 13:53 | Build | House |
| 13:55 | Build | House |
| 13:56 | Build | House |
| 14:14 | Research | Feudal Age |
| 16:08 | Build | Barracks |
| 16:24 | Age | Feudal Age |
| 16:25 | Create | Villager (Male) |
| 16:25 | Create | Villager (Male) |
| 16:25 | Create | Villager (Male) |
| 16:28 | Create | Fishing Ship |
| 16:28 | Create | Fishing Ship |
| 16:57 | Build | Mining Camp |
| 17:06 | Research | Tech 906 |
| 17:30 | Research | Wheelbarrow |
| 17:37 | Build | Blacksmith |
| 17:39 | Build | Stable |
| 18:00 | Create | Fishing Ship |
| 18:01 | Create | Fishing Ship |
| 18:14 | Build | Dock |
| 18:26 | Build | House |
| 18:36 | Create | Villager (Male) |
| 18:36 | Create | Villager (Male) |
| 18:43 | Build | Lumber Camp |
| 18:59 | Build | Market |
| 19:06 | Research | Gold Mining |
| 19:11 | Create | Fishing Ship |
| 19:11 | Create | Fishing Ship |
| 19:30 | Research | Double-Bit Axe |
| 19:32 | Create | Villager (Male) |
| 19:33 | Create | Villager (Male) |
| 19:55 | Build | House |
| 19:57 | Build | House |
| 19:59 | Build | House |
| 20:05 | Research | Bloodlines |
| 20:16 | Research | Castle Age |
| 20:27 | Create | Fishing Ship |
| 21:20 | Build | Lumber Camp |
| 21:40 | Build | House |
| 21:41 | Build | House |
| 21:51 | Build | Stable |
| 21:59 | Research | Horse Collar |
| 22:06 | Create | Fishing Ship |
| 22:07 | Create | Fishing Ship |
| 22:54 | Build | Mining Camp |
| 22:59 | Create | Villager (Male) |
| 22:59 | Create | Villager (Male) |
| 22:59 | Create | Villager (Male) |
| 23:15 | Age | Castle Age |
| 23:18 | Create | Knight |
| 23:18 | Create | Knight |
| 23:19 | Create | Knight |
| 23:19 | Create | Knight |
| 23:33 | Research | Bloodlines |
| 23:35 | Research | Husbandry |
| 23:36 | Create | Knight |
| 23:37 | Create | Knight |
| 23:46 | Build | Farm |
| 23:47 | Build | Farm |
| 23:48 | Build | Farm |
| 23:50 | Build | Farm |
| 23:51 | Build | Farm |
| 24:06 | Build | Town Center |
| 24:11 | Research | Stone Mining |
| 24:21 | Research | Scale Barding Armor |
| 24:21 | Research | Scale Mail Armor |
| 24:21 | Research | Forging |
| 24:30 | Create | Fishing Ship |
| 24:31 | Create | Fishing Ship |
| 24:40 | Create | Villager (Male) |
| 24:40 | Create | Villager (Male) |
| 25:13 | Create | Knight |
| 25:14 | Create | Knight |
| 25:17 | Create | Knight |
| 25:17 | Create | Knight |
| 25:20 | Create | Villager (Male) |
| 25:21 | Create | Villager (Male) |
| 25:23 | Build | Farm |
| 25:24 | Build | Farm |
| 25:25 | Build | Farm |
| 25:31 | Create | Fishing Ship |
| 25:32 | Create | Fishing Ship |
| 25:53 | Build | Castle |
| 26:13 | Research | Forging |
| 26:34 | Build | Dock |
| 26:39 | Create | Villager (Male) |
| 26:39 | Create | Villager (Male) |
| 26:39 | Create | Villager (Male) |
| 26:39 | Create | Villager (Male) |
| 27:40 | Build | House |
| 27:41 | Build | House |
| 27:42 | Create | Fishing Ship |
| 27:42 | Create | Fishing Ship |
| 27:42 | Create | Fishing Ship |
| 27:50 | Create | Villager (Male) |
| 27:50 | Create | Villager (Male) |
| 27:53 | Research | Hand Cart |
| 27:54 | Research | Town Watch |
| 28:31 | Create | Villager (Male) |
| 28:32 | Create | Villager (Male) |
| 28:34 | Create | Fishing Ship |
| 28:44 | Research | Squires |
| 28:44 | Research | Pikeman (upgrade) |
| 28:45 | Create | Spearman |
Build order — Te0n
First 150 of 198 actions detected
| 2:43 | Build | Town Center |
| 5:23 | Create | Villager (Male) |
| 5:24 | Create | Villager (Male) |
| 5:24 | Create | Villager (Male) |
| 5:24 | Create | Villager (Male) |
| 5:25 | Create | Villager (Male) |
| 5:44 | Build | House |
| 5:49 | Build | House |
| 7:23 | Create | Villager (Male) |
| 7:24 | Create | Villager (Male) |
| 7:36 | Build | House |
| 7:47 | Create | Villager (Male) |
| 7:47 | Create | Villager (Male) |
| 8:20 | Create | Villager (Male) |
| 8:35 | Build | Dock |
| 8:50 | Create | Villager (Male) |
| 9:31 | Create | Villager (Male) |
| 9:32 | Create | Villager (Male) |
| 9:47 | Create | Fishing Ship |
| 9:48 | Create | Fishing Ship |
| 10:10 | Build | House |
| 10:20 | Create | Villager (Male) |
| 10:21 | Create | Villager (Male) |
| 10:44 | Build | House |
| 10:52 | Create | Villager (Male) |
| 10:52 | Create | Villager (Male) |
| 11:06 | Build | House |
| 11:08 | Build | House |
| 11:11 | Build | House |
| 11:18 | Create | Villager (Male) |
| 11:18 | Create | Villager (Male) |
| 11:40 | Create | Fishing Ship |
| 12:07 | Create | Villager (Male) |
| 12:07 | Create | Villager (Male) |
| 12:35 | Create | Villager (Male) |
| 12:37 | Create | Fishing Ship |
| 12:39 | Create | Fishing Ship |
| 12:52 | Build | House |
| 13:02 | Create | Villager (Male) |
| 13:05 | Create | Fishing Ship |
| 13:22 | Build | House |
| 13:26 | Build | House |
| 13:43 | Research | Loom |
| 13:44 | Research | Loom |
| 13:44 | Create | Villager (Male) |
| 13:44 | Create | Villager (Male) |
| 14:01 | Create | Fishing Ship |
| 14:08 | Build | Mill |
| 14:24 | Create | Villager (Male) |
| 14:38 | Build | House |
| 14:40 | Build | House |
| 14:41 | Build | House |
| 14:42 | Build | House |
| 14:47 | Build | House |
| 14:50 | Create | Villager (Male) |
| 14:51 | Create | Fishing Ship |
| 15:13 | Create | Villager (Male) |
| 15:16 | Create | Fishing Ship |
| 15:27 | Build | Mining Camp |
| 15:45 | Build | House |
| 15:46 | Build | House |
| 15:49 | Create | Villager (Male) |
| 15:51 | Create | Fishing Ship |
| 16:22 | Create | Fishing Ship |
| 16:30 | Create | Villager (Male) |
| 16:46 | Research | Feudal Age |
| 17:55 | Build | House |
| 17:56 | Build | House |
| 17:58 | Build | House |
| 18:04 | Build | House |
| 18:05 | Build | House |
| 18:07 | Build | House |
| 18:08 | Build | House |
| 18:10 | Build | House |
| 18:18 | Create | Villager (Male) |
| 18:20 | Create | Fishing Ship |
| 18:21 | Create | Fishing Ship |
| 18:55 | Create | Fishing Ship |
| 18:56 | Create | Fishing Ship |
| 18:57 | Create | Fishing Ship |
| 19:10 | Build | House |
| 19:12 | Build | House |
| 19:14 | Build | House |
| 19:15 | Age | Feudal Age |
| 19:19 | Create | Villager (Male) |
| 19:19 | Create | Villager (Male) |
| 19:24 | Build | Lumber Camp |
| 19:51 | Research | Double-Bit Axe |
| 19:55 | Create | Villager (Male) |
| 20:10 | Build | Barracks |
| 20:41 | Create | Villager (Male) |
| 20:56 | Create | Spearman |
| 20:56 | Create | Spearman |
| 21:21 | Create | Spearman |
| 21:43 | Create | Spearman |
| 22:42 | Create | Spearman |
| 22:46 | Research | Tech 906 |
| 22:46 | Research | Tech 906 |
| 22:47 | Create | Fishing Ship |
| 22:47 | Create | Fishing Ship |
| 23:00 | Create | Villager (Male) |
| 23:01 | Create | Villager (Male) |
| 23:01 | Create | Villager (Male) |
| 23:01 | Create | Villager (Male) |
| 23:04 | Research | Gold Mining |
| 23:19 | Build | Market |
| 23:22 | Build | Blacksmith |
| 23:23 | Create | Villager (Male) |
| 23:46 | Build | Dock |
| 23:55 | Build | House |
| 23:56 | Build | House |
| 23:56 | Build | House |
| 23:57 | Build | House |
| 23:57 | Build | House |
| 23:58 | Build | House |
| 23:58 | Build | House |
| 23:58 | Build | House |
| 23:58 | Build | House |
| 23:59 | Build | House |
| 23:59 | Build | House |
| 24:05 | Build | Palisade Wall |
| 24:06 | Create | Villager (Male) |
| 24:22 | Create | Spearman |
| 24:23 | Create | Spearman |
| 24:23 | Create | Spearman |
| 24:34 | Build | Stone Wall |
| 24:44 | Create | Spearman |
| 24:50 | Research | Castle Age |
| 24:50 | Research | Castle Age |
| 25:12 | Build | Mining Camp |
| 25:21 | Create | Unit 2626 |
| 25:21 | Create | Unit 2626 |
| 25:34 | Create | Spearman |
| 25:35 | Create | Spearman |
| 25:46 | Build | House |
| 25:49 | Build | House |
| 25:51 | Build | House |
| 26:03 | Build | House |
| 26:08 | Build | House |
| 26:17 | Create | Spearman |
| 26:25 | Create | Villager (Male) |
| 26:25 | Create | Villager (Male) |
| 26:48 | Create | Fishing Ship |
| 26:48 | Create | Fishing Ship |
| 26:48 | Create | Fishing Ship |
| 26:53 | Create | Fishing Ship |
| 26:54 | Create | Fishing Ship |
| 26:54 | Create | Fishing Ship |
| 26:54 | Create | Fishing Ship |
| 27:14 | Create | Spearman |
Build order — stubbornsandwich
150 actions detected in the replay
| 0:38 | Build | Town Center |
| 2:39 | Create | Villager (Male) |
| 2:40 | Create | Villager (Male) |
| 2:40 | Create | Villager (Male) |
| 2:40 | Create | Villager (Male) |
| 2:41 | Create | Villager (Male) |
| 4:03 | Create | Villager (Male) |
| 4:21 | Create | Villager (Male) |
| 5:01 | Create | Villager (Male) |
| 5:32 | Create | Villager (Male) |
| 6:12 | Create | Villager (Male) |
| 6:12 | Create | Villager (Male) |
| 6:13 | Create | Villager (Male) |
| 7:17 | Create | Villager (Male) |
| 7:18 | Create | Villager (Male) |
| 7:18 | Create | Villager (Male) |
| 8:00 | Create | Villager (Male) |
| 8:14 | Create | Villager (Male) |
| 8:50 | Create | Villager (Male) |
| 9:19 | Create | Villager (Male) |
| 9:31 | Build | Mill |
| 9:40 | Build | Lumber Camp |
| 9:43 | Create | Villager (Male) |
| 10:08 | Create | Villager (Male) |
| 10:08 | Create | Villager (Male) |
| 10:10 | Create | Villager (Male) |
| 10:14 | Build | Farm |
| 10:16 | Build | Farm |
| 10:17 | Build | Farm |
| 10:57 | Research | Feudal Age |
| 11:04 | Build | Farm |
| 11:25 | Build | Farm |
| 11:38 | Build | Farm |
| 12:01 | Build | Mining Camp |
| 12:14 | Build | Farm |
| 12:54 | Build | Farm |
| 12:55 | Build | Farm |
| 13:02 | Build | Farm |
| 13:10 | Build | Farm |
| 13:13 | Age | Feudal Age |
| 13:16 | Build | Farm |
| 13:17 | Create | Villager (Male) |
| 13:18 | Create | Villager (Male) |
| 13:21 | Create | Villager (Male) |
| 13:51 | Build | Farm |
| 14:01 | Build | Farm |
| 14:28 | Research | Loom |
| 14:38 | Build | Farm |
| 14:47 | Create | Villager (Male) |
| 15:01 | Build | Farm |
| 15:30 | Create | Villager (Male) |
| 15:33 | Create | Villager (Male) |
| 15:47 | Build | Farm |
| 15:54 | Build | Farm |
| 16:19 | Create | Villager (Male) |
| 16:42 | Create | Villager (Male) |
| 17:02 | Create | Villager (Male) |
| 17:10 | Build | Blacksmith |
| 17:20 | Create | Villager (Male) |
| 17:45 | Build | Market |
| 17:50 | Create | Villager (Male) |
| 18:27 | Research | Castle Age |
| 18:41 | Build | Barracks |
| 19:43 | Build | Archery Range |
| 19:50 | Research | Double-Bit Axe |
| 20:14 | Build | Farm |
| 20:40 | Create | Villager (Male) |
| 20:41 | Create | Villager (Male) |
| 20:48 | Build | Archery Range |
| 20:56 | Build | Farm |
| 21:01 | Create | Villager (Male) |
| 21:06 | Research | Fletching |
| 21:07 | Age | Castle Age |
| 21:14 | Research | Horse Collar |
| 21:38 | Research | Bodkin Arrow |
| 21:44 | Create | Villager (Male) |
| 22:05 | Create | Villager (Male) |
| 22:09 | Create | Cavalry Archer |
| 22:09 | Create | Cavalry Archer |
| 22:14 | Research | Padded Archer Armor |
| 22:45 | Create | Cavalry Archer |
| 22:45 | Create | Cavalry Archer |
| 22:48 | Create | Villager (Male) |
| 23:16 | Build | University |
| 23:20 | Create | Villager (Male) |
| 23:29 | Create | Cavalry Archer |
| 23:29 | Create | Cavalry Archer |
| 23:39 | Create | Villager (Male) |
| 23:45 | Create | Cavalry Archer |
| 24:10 | Create | Cavalry Archer |
| 24:10 | Create | Cavalry Archer |
| 24:45 | Create | Villager (Male) |
| 24:45 | Create | Villager (Male) |
| 25:20 | Create | Cavalry Archer |
| 25:20 | Create | Cavalry Archer |
| 25:53 | Create | Cavalry Archer |
| 25:53 | Create | Cavalry Archer |
| 25:55 | Create | Villager (Male) |
| 25:55 | Create | Villager (Male) |
| 26:06 | Build | Siege Workshop |
| 26:12 | Create | Villager (Male) |
| 26:19 | Create | Villager (Male) |
| 26:48 | Create | Cavalry Archer |
| 26:49 | Create | Cavalry Archer |
| 27:06 | Create | Villager (Male) |
| 27:15 | Create | Battering Ram |
| 27:22 | Create | Cavalry Archer |
| 27:35 | Create | Villager (Male) |
| 27:40 | Create | Cavalry Archer |
| 28:07 | Create | Cavalry Archer |
| 28:14 | Create | Villager (Male) |
| 28:27 | Build | Lumber Camp |
| 28:32 | Build | Lumber Camp |
| 28:37 | Create | Villager (Male) |
| 28:47 | Create | Villager (Male) |
| 28:55 | Create | Battering Ram |
| 28:58 | Create | Cavalry Archer |
| 29:37 | Create | Villager (Male) |
| 29:39 | Create | Villager (Male) |
| 29:41 | Create | Cavalry Archer |
| 29:41 | Create | Cavalry Archer |
| 30:02 | Create | Battering Ram |
| 30:09 | Create | Villager (Male) |
| 30:18 | Build | Town Center |
| 30:24 | Create | Villager (Male) |
| 30:38 | Create | Battering Ram |
| 30:42 | Create | Villager (Male) |
| 31:22 | Research | Imperial Age |
| 32:09 | Build | Town Center |
| 33:33 | Build | Siege Workshop |
| 33:36 | Build | Siege Workshop |
| 34:34 | Age | Imperial Age |
| 34:40 | Research | Capped Ram (upgrade) |
| 35:00 | Research | Bracer |
| 35:05 | Research | Ballistics |
| 35:06 | Research | Chemistry |
| 35:15 | Build | Farm |
| 35:16 | Build | Farm |
| 35:30 | Build | Mining Camp |
| 36:03 | Create | Cavalry Archer |
| 38:39 | Build | Mining Camp |
| 39:36 | Create | Villager (Male) |
| 39:36 | Create | Villager (Male) |
| 39:37 | Create | Villager (Male) |
| 39:37 | Create | Villager (Male) |
| 39:42 | Create | Villager (Male) |
| 39:42 | Create | Villager (Male) |
| 39:42 | Create | Villager (Male) |
| 39:43 | Create | Villager (Male) |
| 40:27 | Build | Town Center |
Build order — JJ
First 150 of 179 actions detected
| 1:22 | Build | Town Center |
| 3:07 | Create | Villager (Male) |
| 3:07 | Create | Villager (Male) |
| 3:07 | Create | Villager (Male) |
| 3:10 | Build | House |
| 3:12 | Build | House |
| 3:21 | Create | Villager (Male) |
| 4:39 | Create | Villager (Male) |
| 5:15 | Create | Villager (Male) |
| 5:33 | Build | Dock |
| 5:39 | Create | Villager (Male) |
| 5:59 | Research | Loom |
| 6:07 | Create | Villager (Male) |
| 6:09 | Research | Loom |
| 6:31 | Create | Villager (Male) |
| 6:31 | Create | Villager (Male) |
| 7:12 | Create | Villager (Male) |
| 7:13 | Create | Villager (Male) |
| 8:02 | Create | Villager (Male) |
| 8:03 | Create | Villager (Male) |
| 8:13 | Build | House |
| 8:15 | Create | Fishing Ship |
| 8:23 | Build | House |
| 9:05 | Create | Villager (Male) |
| 9:50 | Create | Villager (Male) |
| 10:00 | Create | Fishing Ship |
| 10:04 | Create | Fishing Ship |
| 10:11 | Build | House |
| 10:25 | Create | Villager (Male) |
| 10:26 | Create | Villager (Male) |
| 10:43 | Build | Barracks |
| 10:51 | Create | Villager (Male) |
| 11:17 | Build | Lumber Camp |
| 11:22 | Create | Villager (Male) |
| 11:36 | Create | Fishing Ship |
| 11:51 | Create | Villager (Male) |
| 12:07 | Build | House |
| 12:38 | Create | Villager (Male) |
| 12:59 | Build | Dock |
| 13:08 | Create | Villager (Male) |
| 13:12 | Create | Militia |
| 13:14 | Create | Militia |
| 13:36 | Build | Mill |
| 13:55 | Build | House |
| 13:58 | Create | Militia |
| 14:22 | Create | Villager (Male) |
| 15:08 | Create | Villager (Male) |
| 15:11 | Build | Farm |
| 15:12 | Build | Farm |
| 15:12 | Build | Farm |
| 15:12 | Build | Farm |
| 15:12 | Build | Farm |
| 15:19 | Build | Farm |
| 15:20 | Build | Farm |
| 15:24 | Build | Outpost |
| 15:26 | Build | Outpost |
| 15:27 | Build | Outpost |
| 15:29 | Build | Outpost |
| 15:35 | Create | Fishing Ship |
| 15:35 | Create | Fishing Ship |
| 15:39 | Create | Fishing Ship |
| 15:39 | Create | Fishing Ship |
| 15:43 | Build | House |
| 15:45 | Build | House |
| 16:01 | Create | Villager (Male) |
| 16:02 | Create | Villager (Male) |
| 16:13 | Build | Farm |
| 16:30 | Build | Mill |
| 16:59 | Create | Fishing Ship |
| 16:59 | Create | Fishing Ship |
| 17:32 | Build | Dock |
| 17:58 | Research | Feudal Age |
| 18:13 | Create | Militia |
| 18:13 | Create | Militia |
| 18:37 | Create | Fishing Ship |
| 18:37 | Create | Fishing Ship |
| 18:42 | Build | House |
| 19:18 | Create | Villager (Male) |
| 20:08 | Age | Feudal Age |
| 20:12 | Create | Spearman |
| 20:12 | Create | Spearman |
| 20:19 | Build | Market |
| 20:22 | Build | Blacksmith |
| 20:53 | Build | Mining Camp |
| 21:20 | Research | Castle Age |
| 21:42 | Build | House |
| 21:49 | Research | Man-at-Arms (upgrade) |
| 21:51 | Create | Spearman |
| 21:51 | Create | Spearman |
| 22:21 | Create | Spearman |
| 22:21 | Create | Spearman |
| 22:35 | Research | Double-Bit Axe |
| 22:38 | Create | Villager (Male) |
| 22:39 | Create | Villager (Male) |
| 22:53 | Build | Archery Range |
| 23:02 | Build | Palisade Wall |
| 23:17 | Research | Town Watch |
| 23:22 | Create | Villager (Male) |
| 23:22 | Create | Villager (Male) |
| 24:00 | Age | Castle Age |
| 24:02 | Create | Villager (Male) |
| 24:03 | Create | Villager (Male) |
| 24:35 | Build | Castle |
| 26:01 | Build | Siege Workshop |
| 26:28 | Research | Gold Mining |
| 26:30 | Create | Villager (Male) |
| 26:30 | Create | Villager (Male) |
| 27:05 | Create | Mangonel |
| 27:07 | Create | Villager (Male) |
| 27:08 | Create | Villager (Male) |
| 27:08 | Create | Villager (Male) |
| 27:09 | Create | Villager (Male) |
| 27:12 | Create | Villager (Male) |
| 27:45 | Research | Imperial Age |
| 28:02 | Create | Janissary |
| 28:02 | Create | Janissary |
| 28:05 | Create | Janissary |
| 28:16 | Build | Farm |
| 29:58 | Build | Siege Workshop |
| 30:06 | Create | Janissary |
| 30:06 | Create | Janissary |
| 30:06 | Create | Janissary |
| 30:07 | Create | Janissary |
| 30:07 | Create | Janissary |
| 30:08 | Create | Janissary |
| 30:08 | Create | Janissary |
| 30:09 | Create | Janissary |
| 30:25 | Build | House |
| 30:26 | Build | House |
| 30:51 | Create | Villager (Male) |
| 30:51 | Create | Villager (Male) |
| 30:58 | Age | Imperial Age |
| 30:59 | Create | Bombard Cannon |
| 31:22 | Create | Bombard Cannon |
| 32:07 | Build | Palisade Gate |
| 32:36 | Build | Archery Range |
| 32:38 | Build | Stone Wall |
| 32:44 | Build | Palisade Gate |
| 33:24 | Build | Palisade Gate |
| 33:46 | Build | House |
| 33:48 | Create | Villager (Male) |
| 33:49 | Create | Villager (Male) |
| 33:49 | Create | Villager (Male) |
| 35:05 | Create | Villager (Male) |
| 35:05 | Create | Villager (Male) |
| 35:48 | Create | Bombard Cannon |
| 35:48 | Create | Bombard Cannon |
| 36:00 | Create | Bombard Cannon |
| 36:06 | Create | Villager (Male) |
| 36:06 | Create | Villager (Male) |
Build order — Erick.gf722
First 150 of 413 actions detected
| 0:32 | Build | Dock |
| 0:34 | Build | House |
| 1:02 | Build | Town Center |
| 1:14 | Build | Town Center |
| 3:53 | Build | House |
| 3:54 | Create | Villager (Male) |
| 3:54 | Create | Villager (Male) |
| 3:54 | Create | Villager (Male) |
| 3:55 | Create | Villager (Male) |
| 3:55 | Create | Villager (Male) |
| 3:55 | Create | Villager (Male) |
| 4:03 | Create | Villager (Male) |
| 4:03 | Create | Villager (Male) |
| 5:27 | Create | Fishing Ship |
| 5:32 | Create | Villager (Male) |
| 6:09 | Create | Fishing Ship |
| 6:10 | Create | Fishing Ship |
| 6:37 | Create | Fishing Ship |
| 6:37 | Create | Fishing Ship |
| 6:51 | Build | House |
| 6:59 | Build | House |
| 7:00 | Build | House |
| 7:04 | Create | Villager (Male) |
| 7:04 | Create | Villager (Male) |
| 7:30 | Build | House |
| 7:36 | Create | Fishing Ship |
| 7:40 | Research | Loom |
| 7:48 | Build | House |
| 7:52 | Build | House |
| 8:03 | Create | Villager (Male) |
| 8:03 | Create | Villager (Male) |
| 8:08 | Create | Fishing Ship |
| 8:08 | Create | Fishing Ship |
| 8:21 | Create | Villager (Male) |
| 8:21 | Create | Villager (Male) |
| 8:52 | Create | Villager (Male) |
| 8:52 | Create | Villager (Male) |
| 8:55 | Create | Fishing Ship |
| 8:55 | Create | Fishing Ship |
| 8:55 | Create | Fishing Ship |
| 9:03 | Build | Lumber Camp |
| 9:22 | Create | Villager (Male) |
| 9:31 | Build | House |
| 9:45 | Create | Fishing Ship |
| 9:45 | Create | Fishing Ship |
| 9:47 | Create | Villager (Male) |
| 10:28 | Create | Fishing Ship |
| 10:28 | Create | Fishing Ship |
| 10:31 | Create | Villager (Male) |
| 10:58 | Build | Lumber Camp |
| 11:03 | Create | Villager (Male) |
| 11:03 | Create | Villager (Male) |
| 11:17 | Create | Villager (Male) |
| 11:17 | Create | Villager (Male) |
| 11:40 | Create | Fishing Ship |
| 11:54 | Create | Fishing Ship |
| 11:56 | Create | Villager (Male) |
| 11:56 | Create | Villager (Male) |
| 12:20 | Build | Dock |
| 12:22 | Build | House |
| 12:41 | Create | Villager (Male) |
| 12:41 | Create | Villager (Male) |
| 12:44 | Create | Fishing Ship |
| 12:44 | Create | Fishing Ship |
| 12:47 | Build | Mill |
| 13:09 | Build | Mill |
| 13:19 | Create | Villager (Male) |
| 13:20 | Create | Villager (Male) |
| 13:23 | Build | House |
| 13:25 | Build | House |
| 13:26 | Build | House |
| 13:46 | Create | Fishing Ship |
| 13:46 | Create | Fishing Ship |
| 13:48 | Create | Fishing Ship |
| 13:48 | Create | Fishing Ship |
| 14:05 | Create | Villager (Male) |
| 14:06 | Create | Villager (Male) |
| 14:10 | Build | House |
| 14:11 | Build | House |
| 14:15 | Build | Barracks |
| 14:24 | Build | House |
| 14:56 | Create | Villager (Male) |
| 15:29 | Research | Feudal Age |
| 15:41 | Build | Palisade Wall |
| 15:44 | Build | Palisade Gate |
| 15:51 | Build | House |
| 16:00 | Create | Fishing Ship |
| 16:00 | Create | Fishing Ship |
| 16:00 | Create | Fishing Ship |
| 16:00 | Create | Fishing Ship |
| 16:01 | Create | Fishing Ship |
| 16:01 | Create | Fishing Ship |
| 16:40 | Build | Mining Camp |
| 16:45 | Build | Mining Camp |
| 17:36 | Create | Villager (Male) |
| 17:37 | Create | Villager (Male) |
| 17:39 | Create | Fishing Ship |
| 17:39 | Create | Fishing Ship |
| 17:39 | Age | Feudal Age |
| 17:41 | Build | Stable |
| 17:51 | Build | Market |
| 18:00 | Build | Building 804 |
| 18:05 | Create | Villager (Male) |
| 18:05 | Create | Villager (Male) |
| 18:21 | Research | Double-Bit Axe |
| 18:25 | Create | Scout Cavalry |
| 18:25 | Create | Scout Cavalry |
| 18:42 | Create | Villager (Male) |
| 18:44 | Build | Blacksmith |
| 18:46 | Build | House |
| 18:54 | Create | Villager (Male) |
| 18:54 | Create | Villager (Male) |
| 19:13 | Create | Scout Cavalry |
| 19:14 | Create | Scout Cavalry |
| 19:37 | Research | Castle Age |
| 19:37 | Research | Castle Age |
| 19:53 | Create | Scout Cavalry |
| 20:30 | Build | Stable |
| 20:32 | Build | Stable |
| 20:41 | Research | Gold Mining |
| 21:03 | Research | Scale Barding Armor |
| 21:03 | Research | Forging |
| 21:50 | Research | Bloodlines |
| 22:19 | Create | Villager (Male) |
| 22:24 | Age | Castle Age |
| 22:39 | Create | Knight |
| 22:39 | Create | Knight |
| 22:40 | Create | Knight |
| 22:40 | Create | Knight |
| 22:41 | Research | Chain Barding Armor |
| 22:52 | Build | Town Center |
| 22:57 | Build | Town Center |
| 23:04 | Research | Bow Saw |
| 23:06 | Create | Villager (Male) |
| 23:06 | Create | Villager (Male) |
| 23:06 | Create | Villager (Male) |
| 23:12 | Create | Knight |
| 23:12 | Create | Knight |
| 23:13 | Create | Knight |
| 23:13 | Research | Husbandry |
| 23:31 | Create | Villager (Male) |
| 23:31 | Create | Villager (Male) |
| 23:40 | Create | Knight |
| 23:40 | Create | Knight |
| 23:51 | Create | Villager (Male) |
| 23:52 | Create | Villager (Male) |
| 23:52 | Create | Villager (Male) |
| 24:02 | Create | Villager (Male) |
| 24:02 | Create | Villager (Male) |
| 24:03 | Create | Villager (Male) |
Build order — Pitry2012
First 150 of 235 actions detected
| 0:21 | Build | Town Center |
| 0:51 | Build | Palisade Wall |
| 2:26 | Build | House |
| 2:40 | Create | Villager (Male) ×4 |
| 3:30 | Build | Dock |
| 4:12 | Create | Fishing Ship |
| 4:35 | Research | Loom |
| 4:45 | Build | House |
| 5:05 | Create | Villager (Male) |
| 5:24 | Build | Palisade Wall |
| 5:32 | Create | Villager (Male) |
| 5:47 | Create | Villager (Male) |
| 6:20 | Create | Fishing Ship |
| 6:44 | Create | Villager (Male) |
| 6:45 | Create | Villager (Male) |
| 7:05 | Create | Villager (Male) ×2 |
| 7:09 | Build | House |
| 7:16 | Create | Fishing Ship |
| 7:39 | Build | Palisade Wall |
| 7:42 | Create | Villager (Male) |
| 7:54 | Build | House |
| 8:21 | Create | Villager (Male) |
| 8:22 | Create | Fishing Ship |
| 8:35 | Create | Villager (Male) |
| 8:39 | Build | Palisade Wall |
| 9:04 | Build | House |
| 9:05 | Create | Villager (Male) |
| 9:18 | Create | Villager (Male) |
| 9:20 | Create | Fishing Ship |
| 9:29 | Build | Palisade Wall |
| 9:38 | Create | Villager (Male) |
| 9:39 | Create | Villager (Male) |
| 10:01 | Create | Villager (Male) |
| 10:03 | Create | Fishing Ship |
| 10:36 | Create | Fishing Ship |
| 10:38 | Create | Villager (Male) |
| 11:19 | Build | Mill |
| 11:23 | Create | Villager (Male) |
| 11:48 | Research | Feudal Age |
| 11:59 | Build | Mining Camp |
| 12:03 | Create | Villager (Male) |
| 12:49 | Build | House |
| 12:53 | Build | House |
| 12:56 | Create | Fishing Ship |
| 13:15 | Create | Unit 2626 |
| 13:22 | Create | Villager (Male) |
| 13:33 | Build | House |
| 13:58 | Create | Unit 2626 |
| 14:02 | Build | Palisade Wall |
| 14:04 | Build | Palisade Wall |
| 14:09 | Create | Villager (Male) |
| 14:31 | Create | Villager (Male) |
| 14:41 | Build | Blacksmith |
| 14:43 | Create | Villager (Male) |
| 14:51 | Create | Fire Galley |
| 14:55 | Create | Unit 2626 |
| 15:24 | Create | Villager (Male) |
| 15:35 | Create | Unit 2626 |
| 15:44 | Create | Villager (Male) |
| 15:50 | Build | Market |
| 16:06 | Create | Villager (Male) |
| 16:11 | Build | Lumber Camp |
| 16:45 | Create | Villager (Male) |
| 16:48 | Build | House |
| 16:59 | Create | Unit 2626 |
| 17:04 | Research | Castle Age |
| 17:45 | Build | Dock |
| 17:54 | Research | Fletching |
| 17:57 | Build | House |
| 18:05 | Create | Galley |
| 18:53 | Research | War Galley (upgrade) |
| 18:55 | Create | Villager (Male) |
| 18:55 | Create | Villager (Male) |
| 19:13 | Build | Dock |
| 19:18 | Create | Galley |
| 19:18 | Create | Villager (Male) |
| 19:21 | Build | House |
| 19:29 | Research | Bodkin Arrow |
| 19:51 | Create | Galley |
| 19:51 | Create | Galley |
| 19:58 | Build | House |
| 19:59 | Create | Villager (Male) |
| 20:08 | Build | Mining Camp |
| 20:17 | Create | Villager (Male) |
| 20:20 | Create | Galley |
| 20:21 | Create | Galley |
| 20:21 | Create | Galley |
| 20:21 | Create | Galley |
| 20:56 | Create | Villager (Male) |
| 20:59 | Create | Galley |
| 20:59 | Create | Galley |
| 20:59 | Create | Galley |
| 20:59 | Create | Galley |
| 21:27 | Build | House |
| 21:36 | Create | Villager (Male) ×5 |
| 21:48 | Create | Galley |
| 21:48 | Create | Galley |
| 21:48 | Create | Galley |
| 21:58 | Research | Double-Bit Axe |
| 22:00 | Build | House |
| 22:15 | Create | Galley |
| 22:15 | Create | Galley |
| 22:16 | Create | Galley |
| 22:17 | Create | Villager (Male) ×4 |
| 22:33 | Create | Galley |
| 22:33 | Create | Galley |
| 22:39 | Build | House |
| 22:47 | Create | Galley |
| 22:47 | Create | Galley |
| 22:58 | Create | Villager (Male) |
| 23:09 | Create | Galley |
| 23:09 | Create | Galley |
| 23:09 | Create | Galley |
| 23:41 | Create | Galley |
| 23:41 | Create | Galley |
| 23:41 | Create | Galley |
| 23:51 | Create | Villager (Male) |
| 23:55 | Build | House |
| 23:55 | Build | House |
| 23:56 | Build | House |
| 23:56 | Build | House |
| 24:11 | Create | Galley |
| 24:11 | Create | Galley |
| 24:11 | Create | Galley |
| 25:00 | Create | Villager (Male) |
| 25:03 | Build | Town Center |
| 25:09 | Create | Villager (Male) |
| 25:09 | Create | Villager (Male) |
| 25:11 | Build | House |
| 25:12 | Build | House |
| 25:12 | Build | House |
| 25:13 | Build | House |
| 25:13 | Build | House |
| 25:15 | Create | Villager (Male) |
| 26:12 | Build | Mining Camp |
| 26:14 | Create | Villager (Male) ×5 |
| 26:54 | Build | University |
| 26:55 | Create | Villager (Male) |
| 27:24 | Research | Horse Collar |
| 27:27 | Build | Farm |
| 27:27 | Build | Farm |
| 27:28 | Build | Farm |
| 27:28 | Build | Farm |
| 27:28 | Build | Farm |
| 27:29 | Build | Farm |
| 27:29 | Build | Farm |
| 27:29 | Build | Farm |
| 27:29 | Build | Farm |
| 27:30 | Build | Farm |
| 27:30 | Build | Farm |
Build order — SleepDeprivedDaddy
First 150 of 220 actions detected
| 0:53 | Build | Dock |
| 0:55 | Build | House |
| 1:15 | Build | Town Center |
| 3:30 | Create | Villager (Male) |
| 3:30 | Create | Villager (Male) |
| 3:30 | Create | Villager (Male) |
| 3:31 | Create | Villager (Male) |
| 4:02 | Create | Villager (Male) |
| 4:02 | Create | Villager (Male) |
| 5:35 | Create | Villager (Male) |
| 5:38 | Create | Fishing Ship |
| 5:45 | Build | House |
| 6:06 | Create | Villager (Male) |
| 6:16 | Create | Villager (Male) |
| 6:59 | Build | Mill |
| 7:08 | Create | Villager (Male) |
| 7:10 | Create | Villager (Male) |
| 7:11 | Create | Villager (Male) |
| 7:46 | Create | Villager (Male) |
| 7:47 | Create | Fishing Ship |
| 8:06 | Create | Villager (Male) |
| 8:11 | Create | Fishing Ship |
| 8:39 | Build | House |
| 8:40 | Create | Villager (Male) |
| 8:41 | Create | Villager (Male) |
| 9:02 | Create | Villager (Male) |
| 9:02 | Create | Villager (Male) |
| 9:04 | Create | Fishing Ship |
| 9:48 | Build | Dock |
| 9:54 | Build | House |
| 9:57 | Create | Villager (Male) |
| 10:07 | Create | Villager (Male) |
| 10:09 | Create | Fishing Ship |
| 10:09 | Create | Fishing Ship |
| 10:23 | Build | House |
| 10:34 | Create | Fishing Ship |
| 10:46 | Create | Villager (Male) |
| 11:12 | Build | House |
| 11:28 | Create | Villager (Male) |
| 11:28 | Create | Villager (Male) |
| 11:42 | Create | Fishing Ship |
| 11:43 | Create | Fishing Ship |
| 12:13 | Create | Villager (Male) |
| 12:13 | Create | Villager (Male) |
| 12:20 | Create | Fishing Ship |
| 12:20 | Create | Fishing Ship |
| 12:40 | Build | House |
| 12:43 | Create | Villager (Male) |
| 12:44 | Research | Loom |
| 13:06 | Build | Lumber Camp |
| 13:21 | Create | Fishing Ship |
| 13:21 | Create | Fishing Ship |
| 13:32 | Research | Feudal Age |
| 14:09 | Build | Barracks |
| 14:31 | Build | House |
| 14:33 | Build | House |
| 14:40 | Create | Fishing Ship |
| 14:40 | Create | Fishing Ship |
| 14:59 | Build | Dock |
| 15:43 | Age | Feudal Age |
| 15:53 | Build | Watch Tower |
| 16:02 | Create | Unit 2626 |
| 16:08 | Create | Villager (Male) |
| 16:15 | Build | Archery Range |
| 16:18 | Build | Archery Range |
| 16:31 | Build | Building 487 |
| 16:39 | Build | House |
| 16:47 | Create | Villager (Male) |
| 16:47 | Create | Villager (Male) |
| 16:48 | Create | Villager (Male) |
| 17:03 | Research | Double-Bit Axe |
| 17:37 | Build | Dock |
| 17:46 | Create | Unit 2626 |
| 17:59 | Create | Villager (Male) |
| 17:59 | Create | Villager (Male) |
| 18:08 | Create | Archer |
| 18:18 | Create | Skirmisher ×5 |
| 18:20 | Create | Villager (Male) |
| 18:25 | Build | Blacksmith |
| 18:54 | Create | Unit 2626 ×3 |
| 19:07 | Create | Villager (Male) |
| 19:29 | Build | Market |
| 19:36 | Build | House |
| 19:38 | Build | House |
| 19:49 | Research | Tech 906 |
| 20:00 | Research | Fletching |
| 20:01 | Research | Padded Archer Armor |
| 20:02 | Research | Forging |
| 20:10 | Create | Villager (Male) |
| 20:11 | Create | Villager (Male) |
| 20:38 | Create | Skirmisher ×5 |
| 20:38 | Create | Skirmisher ×5 |
| 20:39 | Create | Archer ×3 |
| 20:56 | Create | Unit 2626 |
| 21:16 | Create | Villager (Male) |
| 21:16 | Create | Villager (Male) |
| 21:50 | Create | Villager (Male) |
| 21:50 | Create | Villager (Male) |
| 21:55 | Build | Farm |
| 21:55 | Build | Farm |
| 21:55 | Build | Farm |
| 21:56 | Build | Farm |
| 21:56 | Build | Farm |
| 21:56 | Build | Farm |
| 21:56 | Build | Farm |
| 22:57 | Build | Farm |
| 22:57 | Build | Farm |
| 22:58 | Build | Farm |
| 22:58 | Build | Farm |
| 23:04 | Create | Villager (Male) |
| 23:04 | Create | Villager (Male) |
| 23:37 | Create | Villager (Male) |
| 23:52 | Build | Farm |
| 23:52 | Build | Farm |
| 23:53 | Build | Farm |
| 23:53 | Build | Farm |
| 23:53 | Build | Farm |
| 23:54 | Build | Farm |
| 23:57 | Create | Villager (Male) |
| 24:30 | Create | Villager (Male) |
| 24:30 | Create | Villager (Male) |
| 25:01 | Build | House |
| 25:03 | Build | House |
| 25:03 | Build | House |
| 25:03 | Build | House |
| 25:04 | Build | House |
| 25:04 | Build | House |
| 25:04 | Build | House |
| 25:06 | Create | Villager (Male) |
| 25:09 | Research | Castle Age |
| 25:51 | Build | Mining Camp |
| 27:22 | Research | Horse Collar |
| 27:49 | Age | Castle Age |
| 27:54 | Build | House |
| 28:03 | Build | Stone Wall |
| 28:10 | Build | Stone Wall |
| 28:21 | Create | Elephant Archer ×5 |
| 28:40 | Create | Villager (Male) |
| 28:40 | Create | Villager (Male) |
| 28:45 | Create | Villager (Male) |
| 28:56 | Build | Town Center |
| 29:04 | Build | House |
| 29:08 | Build | House |
| 29:10 | Build | House |
| 29:12 | Build | House |
| 29:33 | Create | Villager (Male) |
| 29:33 | Create | Villager (Male) |
| 29:47 | Create | Villager (Male) |
| 29:48 | Create | Villager (Male) |
| 29:51 | Create | Villager (Male) |
Build order — Medina90
First 150 of 267 actions detected
| 2:33 | Build | Town Center |
| 4:15 | Create | Villager (Male) |
| 4:15 | Create | Villager (Male) |
| 4:16 | Create | Villager (Male) |
| 4:16 | Create | Villager (Male) |
| 4:32 | Build | House |
| 4:33 | Build | House |
| 5:52 | Create | Villager (Male) |
| 6:33 | Create | Villager (Male) |
| 6:33 | Create | Villager (Male) |
| 6:37 | Build | Mill |
| 8:12 | Create | Villager (Male) |
| 8:12 | Create | Villager (Male) |
| 8:12 | Create | Villager (Male) |
| 8:56 | Create | Villager (Male) |
| 9:28 | Create | Villager (Male) |
| 9:28 | Create | Villager (Male) |
| 9:48 | Build | House |
| 9:51 | Build | Dock |
| 10:06 | Create | Villager (Male) |
| 10:07 | Create | Villager (Male) |
| 10:07 | Create | Villager (Male) |
| 10:45 | Create | Villager (Male) |
| 11:17 | Create | Fishing Ship |
| 11:17 | Create | Fishing Ship |
| 11:30 | Create | Villager (Male) |
| 11:44 | Create | Fishing Ship |
| 12:07 | Create | Villager (Male) |
| 12:45 | Build | Mill |
| 12:50 | Create | Villager (Male) |
| 13:18 | Create | Villager (Male) |
| 13:21 | Create | Villager (Male) |
| 13:36 | Create | Fishing Ship |
| 13:37 | Create | Fishing Ship |
| 13:46 | Research | Feudal Age |
| 14:28 | Build | Palisade Wall |
| 14:35 | Build | Palisade Wall |
| 15:08 | Create | Fishing Ship |
| 15:19 | Build | Barracks |
| 15:41 | Build | House |
| 15:43 | Build | House |
| 15:56 | Age | Feudal Age |
| 16:00 | Create | Galley |
| 16:06 | Create | Galley |
| 16:18 | Create | Villager (Male) |
| 16:18 | Create | Villager (Male) |
| 16:20 | Create | Villager (Male) |
| 16:41 | Build | Stable |
| 16:56 | Create | Villager (Male) |
| 17:16 | Create | Galley |
| 17:22 | Create | Galley |
| 17:43 | Build | Lumber Camp |
| 17:48 | Create | Scout Cavalry |
| 17:48 | Create | Scout Cavalry |
| 17:49 | Create | Scout Cavalry |
| 17:56 | Create | Scout Cavalry |
| 18:04 | Create | Villager (Male) |
| 18:04 | Create | Villager (Male) |
| 18:05 | Create | Villager (Male) |
| 18:27 | Create | Fishing Ship |
| 18:36 | Build | House |
| 19:18 | Create | Scout Cavalry |
| 19:20 | Create | Villager (Male) |
| 19:28 | Build | Mining Camp |
| 19:31 | Create | Villager (Male) |
| 19:32 | Create | Villager (Male) |
| 19:32 | Create | Villager (Male) |
| 19:44 | Create | Villager (Male) |
| 19:44 | Create | Villager (Male) |
| 19:47 | Build | House |
| 19:48 | Build | House |
| 19:48 | Build | House |
| 19:48 | Build | House |
| 19:48 | Build | House |
| 20:31 | Build | Farm |
| 20:31 | Build | Farm |
| 20:32 | Build | Farm |
| 20:32 | Build | Farm |
| 20:32 | Build | Farm |
| 20:32 | Build | Farm |
| 20:33 | Build | Farm |
| 20:33 | Build | Farm |
| 21:39 | Build | Mill |
| 21:44 | Build | Farm |
| 21:45 | Build | Farm |
| 21:45 | Build | Farm |
| 21:45 | Build | Farm |
| 21:46 | Build | Farm |
| 21:46 | Build | Farm |
| 21:47 | Build | Farm |
| 22:36 | Build | Market |
| 22:39 | Build | Blacksmith |
| 22:45 | Build | Mining Camp |
| 22:47 | Create | Villager (Male) |
| 22:54 | Research | Double-Bit Axe |
| 23:05 | Create | Villager (Male) |
| 23:05 | Create | Villager (Male) |
| 23:22 | Build | Stone Wall |
| 23:28 | Build | Stone Wall |
| 23:33 | Build | Building 490 |
| 23:38 | Build | Stone Wall |
| 23:46 | Build | Stone Wall |
| 23:56 | Research | Gold Mining |
| 23:58 | Create | Villager (Male) |
| 24:18 | Build | Building 665 |
| 24:20 | Build | Stone Wall |
| 24:30 | Create | Villager (Male) |
| 24:31 | Create | Villager (Male) |
| 24:36 | Build | Farm |
| 24:37 | Build | Farm |
| 24:37 | Build | Farm |
| 24:37 | Build | Farm |
| 24:38 | Build | Farm |
| 24:38 | Build | Farm |
| 24:38 | Build | Farm |
| 24:50 | Build | Mill |
| 24:52 | Build | Farm |
| 24:52 | Build | Farm |
| 24:52 | Build | Farm |
| 24:53 | Build | Farm |
| 24:53 | Build | Farm |
| 25:07 | Create | Villager (Male) |
| 25:51 | Build | Stable |
| 26:12 | Build | Farm |
| 26:16 | Create | Villager (Male) |
| 26:16 | Create | Villager (Male) |
| 26:55 | Build | Lumber Camp |
| 27:05 | Build | House |
| 27:06 | Build | House |
| 27:07 | Build | House |
| 27:07 | Build | House |
| 27:08 | Build | House |
| 27:16 | Research | Castle Age |
| 27:18 | Research | Loom |
| 27:24 | Build | Farm |
| 27:46 | Research | Scale Barding Armor |
| 28:02 | Research | Forging |
| 29:00 | Build | Lumber Camp |
| 29:06 | Build | House |
| 29:06 | Build | House |
| 29:06 | Build | House |
| 29:07 | Build | House |
| 29:09 | Build | House |
| 29:10 | Build | House |
| 29:31 | Research | Wheelbarrow |
| 29:33 | Create | Villager (Male) |
| 29:39 | Create | Villager (Male) |
| 29:56 | Age | Castle Age |
| 29:59 | Research | Iron Casting |
| 30:02 | Create | Knight |
Match timeline
| 0:32 | Erick.gf722 · first_building Dock |
| 0:51 | Pitry2012 · wall_segment Palisade Wall x1 |
| 0:53 | SleepDeprivedDaddy · first_building Dock |
| 3:30 | Pitry2012 · first_building Dock |
| 5:24 | Pitry2012 · wall_segment Palisade Wall x1 |
| 5:33 | JJ · first_building Dock |
| 7:39 | Pitry2012 · wall_segment Palisade Wall x1 |
| 8:35 | Te0n · first_building Dock |
| 8:39 | Pitry2012 · wall_segment Palisade Wall x3 |
| 8:55 | sonhero3000 · first_building Dock |
| 9:29 | Pitry2012 · wall_segment Palisade Wall x1 |
| 9:51 | Medina90 · first_building Dock |
| 10:43 | JJ · first_building Barracks |
| 13:13 | stubbornsandwich · age_up feudal |
| 14:02 | Pitry2012 · wall_segment Palisade Wall x1 |
| 14:04 | Pitry2012 · wall_segment Palisade Wall x1 |
| 14:09 | SleepDeprivedDaddy · first_building Barracks |
| 14:15 | Erick.gf722 · first_building Barracks |
| 14:28 | Medina90 · wall_segment Palisade Wall x1 |
| 14:35 | Medina90 · wall_segment Palisade Wall x1 |
| 15:19 | Medina90 · first_building Barracks |
| 15:41 | Erick.gf722 · wall_segment Palisade Wall x11 |
| 15:43 | SleepDeprivedDaddy · age_up feudal |
| 15:56 | Medina90 · age_up feudal |
| 16:08 | sonhero3000 · first_building Barracks |
| 16:15 | SleepDeprivedDaddy · first_building Archery Range |
| 16:24 | sonhero3000 · age_up feudal |
| 16:41 | Medina90 · first_building Stable |
| 17:39 | Erick.gf722 · age_up feudal |
| 17:39 | sonhero3000 · first_building Stable |
| 17:41 | Erick.gf722 · first_building Stable |
| 18:41 | stubbornsandwich · first_building Barracks |
| 19:15 | Te0n · age_up feudal |
| 19:25 | Pitry2012 · first_market_sell 100 wood |
| 19:25 | Pitry2012 · first_market_buy 100 food |
| 19:43 | stubbornsandwich · first_building Archery Range |
| 20:08 | JJ · age_up feudal |
| 20:10 | Te0n · first_building Barracks |
| 20:44 | stubbornsandwich · first_market_buy 100 wood |
| 21:07 | stubbornsandwich · age_up castle |
| 22:24 | Erick.gf722 · age_up castle |
| 22:49 | JJ · first_market_buy 100 wood |
| 22:53 | JJ · first_building Archery Range |
| 22:55 | stubbornsandwich · first_market_sell 100 food |
| 23:02 | JJ · wall_segment Palisade Wall x4 |
| 23:15 | sonhero3000 · age_up castle |
| 23:22 | Medina90 · wall_segment Stone Wall x1 |
| 23:25 | sonhero3000 · first_market_sell 100 wood |
| 23:28 | Medina90 · wall_segment Stone Wall x1 |
| 23:38 | Medina90 · wall_segment Stone Wall x2 |
| 23:46 | Medina90 · wall_segment Stone Wall x15 |
| 24:00 | JJ · age_up castle |
| 24:05 | Te0n · wall_segment Palisade Wall x5 |
| 24:07 | SleepDeprivedDaddy · first_market_buy 100 food |
| 24:20 | Medina90 · wall_segment Stone Wall x3 |
| 24:30 | Erick.gf722 · first_market_sell 100 wood |
| 24:34 | Te0n · wall_segment Stone Wall x1 |
| 24:35 | JJ · first_building Castle |
| 25:08 | Erick.gf722 · first_building Castle |
| 25:52 | Erick.gf722 · first_market_buy 100 food |
| 25:53 | sonhero3000 · first_building Castle |
| 26:01 | JJ · first_building Siege Workshop |
| 26:06 | stubbornsandwich · first_building Siege Workshop |
| 26:43 | Erick.gf722 · first_building Monastery |
| 27:30 | Te0n · age_up castle |
| 27:40 | JJ · first_market_sell 100 food |
| 27:49 | SleepDeprivedDaddy · age_up castle |
| 28:03 | SleepDeprivedDaddy · wall_segment Stone Wall x1 |
| 28:10 | SleepDeprivedDaddy · wall_segment Stone Wall x1 |
| 29:56 | Medina90 · age_up castle |
| 30:08 | Pitry2012 · wall_segment Stone Wall x1 |
| 30:39 | Medina90 · first_building Castle |
| 30:48 | Pitry2012 · first_building Monastery |
| 30:58 | JJ · age_up imperial |
| 31:35 | Pitry2012 · first_building Barracks |
| 32:37 | Pitry2012 · wall_segment Palisade Wall x1 |
| 32:38 | JJ · wall_segment Stone Wall x1 |
| 32:45 | Pitry2012 · first_building Castle |
| 33:19 | Medina90 · first_market_buy 100 stone |
| 33:19 | Pitry2012 · first_building Stable |
| 34:34 | sonhero3000 · first_building Monastery |
| 34:34 | stubbornsandwich · age_up imperial |
| 35:11 | JJ · tribute_sent a jugador 1 |
| 35:11 | JJ · tribute_sent a jugador 2 |
| 35:11 | JJ · tribute_sent a jugador 4 |
| 35:11 | JJ · tribute_sent a jugador 5 |
| 35:11 | JJ · tribute_sent a jugador 6 |
| 35:11 | JJ · tribute_sent a jugador 7 |
| 35:11 | JJ · tribute_sent a jugador 8 |
| 35:27 | SleepDeprivedDaddy · first_building Siege Workshop |
| 35:39 | sonhero3000 · tribute_sent a jugador 1 |
| 35:39 | sonhero3000 · tribute_sent a jugador 2 |
| 35:39 | sonhero3000 · tribute_sent a jugador 3 |
| 35:39 | sonhero3000 · tribute_sent a jugador 4 |
| 35:39 | sonhero3000 · tribute_sent a jugador 5 |
| 35:39 | sonhero3000 · tribute_sent a jugador 6 |
| 35:39 | sonhero3000 · tribute_sent a jugador 8 |
| 36:03 | sonhero3000 · first_building Archery Range |
| 36:08 | Pitry2012 · wall_segment Stone Wall x1 |
| 36:09 | Pitry2012 · wall_segment Stone Wall x1 |
| 36:40 | JJ · wall_segment Palisade Wall x5 |
| 36:42 | JJ · wall_segment Palisade Wall x6 |
| 36:48 | JJ · wall_segment Palisade Wall x2 |
| 37:49 | SleepDeprivedDaddy · first_building Castle |
| 38:02 | Medina90 · first_building Siege Workshop |
| 38:26 | Erick.gf722 · age_up imperial |
| 39:04 | Medina90 · first_market_sell 500 food |
| 39:33 | JJ · wall_segment Stone Wall x7 |
| 39:36 | sonhero3000 · first_building Siege Workshop |
| 39:44 | JJ · wall_segment Stone Wall x2 |
| 40:08 | Pitry2012 · resign |
| 40:14 | sonhero3000 · age_up imperial |
| 40:20 | JJ · wall_segment Palisade Wall x1 |
[ AI ANALYSIS · 1 CREDIT ]
What really happened in this match?
Wolo.gg analyzes every decision: build order, eco, micro, common mistakes by bracket. Personalized analysis on WhatsApp or Discord in 30 seconds.
Civ guide
Mongols
Map guide
Nomad
Perfil
sonhero3000